 Dungeon Crawl Stone Soup version 0.30-a0-364-gf6b3ef1049 (webtiles) character file.

Game seed: 13685867554249812840

5262 mcwallace the Gusty (level 10, -1/96 HPs)
             Began as an Ogre Air Elementalist on Nov 15, 2022.
             Was a Believer of Vehumet.
             Slain by a killer bee (2 damage)
             ... on level 8 of the Dungeon.
             The game lasted 00:19:36 (10407 turns).

mcwallace the Gusty (Ogre Air Elementalist)        Turns: 10407, Time: 00:19:37

Health: -1/96      AC:  4    Str: 14    XL:     10   Next: 62%
Magic:  17/17      EV: 11    Int: 20    God:    Vehumet [**....]
Gold:   710        SH:  9    Dex: 15    Spells: 7/19 levels left

rFire   + . .      SeeInvis .    f - +10 morningstar "Eos" {elec, Halo rElec, mace}
rCold   . . .      Faith    .    O - +0 kite shield
rNeg    . . .      Spirit   .    x - +1 robe {rC+}
rPois   .          Reflect  .    (helmet restricted)
rElec   +          Harm     .    (no cloak)
rCorr   +          Rampage  .    (gloves unavailable)
Will    +....                    (boots unavailable)
Stlth   +.........               (no amulet)
HPRegen 0.36/turn                k - +6 ring of dexterity
MPRegen 0.15/turn                G - ring of Fefer {Fire rCorr Slay+3}

@: glowing
A: large, unfitting armour, tough skin 1
a: Renounce Religion


You were on level 8 of the Dungeon.
You worshipped Vehumet.
Vehumet was pleased with you.
You visited 2 branches of the dungeon, and saw 10 of its levels.
You also visited: Ossuary.

You collected 710 gold pieces.


Innate Abilities, Weirdness & Mutations

You are too large for most types of armour.
You have tough skin. (AC +1)


   Skills:
 - Level 5.0 Fighting
 + Level 5.4 Maces & Flails
 + Level 6.4 Dodging
 - Level 1.4 Stealth
 + Level 5.4 Shields
 - Level 5.0 Spellcasting
 + Level 6.2 Conjurations
 + Level 6.8 Air Magic


You had 7 spell levels left.
You knew the following spells:

 Your Spells              Type           Power      Damage    Failure   Level
a - Shock                 Conj/Air       100%       1d9       1%          1
b - Static Discharge      Conj/Air       62%        2-5/arc   2%          2
c - Swiftness             Air            32%        N/A       4%          3
d - Searing Ray           Conj           58%        2d6       3%          2
e - Airstrike             Air            16%        2d(3-19)  16%         4

Your spell library contained the following spells:

 Spells                   Type           Power      Damage    Failure   Level
 Momentum Strike          Conj/Tloc      34%        3d8       11%         2
 Magic Dart               Conj           100%       1d8       1%          1
 Summon Small Mammal      Summ           20%        N/A       26%         1
 Fulminant Prism          Conj/Hex       8%         3d7       56%         4
 Call Canine Familiar     Summ           5%         N/A       58%         3
 Ozocubu's Armour         Ice            5%         N/A       58%         3
 Summon Guardian Golem    Hex/Summ       5%         N/A       58%         3
 Ozocubu's Refrigeration  Ice            2%         4d8       100%        7

Inventory:

Hand Weapons
 e - a +0 short sword {short}
   (You took it off a kobold on level 1 of the Dungeon)
 f - the +10 morningstar "Eos" (weapon) {elec, Halo rElec, mace}
   (You found it on level 4 of the Dungeon)

   It occasionally discharges a powerful burst of electricity upon striking a
   foe.
   It grants its wielder a halo, revealing invisible creatures and increasing
   accuracy against all within it other than the wielder.
   rElec:     It insulates you from electricity.
 g - a +0 dagger {short}
   (You found it on level 1 of the Dungeon)
 h - a +1 whip of freezing {mace}
   (You found it on level 1 of the Dungeon)
 n - a +2 whip of electrocution {mace}
   (You took it off a goblin on level 2 of the Dungeon)
 q - a +1 short sword of holy wrath {short}
   (You took it off an orc priest on level 3 of the Dungeon)
 v - a +4 dagger {short}
   (You took it off an orc on level 4 of the Dungeon)
Missiles
 c - 3 javelins {throwing}
 m - 8 poisoned darts {throwing}
 H - 38 stones {throwing}
 V - 3 curare-tipped darts {=fthrowing}
Armour
 l - a +0 robe
   (You took it off an orc wizard on level 5 of the Dungeon)
 s - a +0 robe
   (You found it on level 3 of the Dungeon)
 x - a +1 robe of cold resistance (worn)
   (You took it off Dowan on level 5 of the Dungeon)
 D - a +0 robe
   (You found it on level 5 of the Dungeon)
 E - a +0 robe
   (You took it off an orc wizard on level 5 of the Dungeon)
 L - a +0 robe
   (You took it off an orc wizard on level 6 of the Dungeon)
 M - a +0 robe
   (You took it off an orc wizard on level 5 of the Dungeon)
 O - a +0 kite shield (worn)
   (You found it on level 5 of the Dungeon)
 Q - a +0 robe
   (You took it off a wight on level 6 of the Dungeon)
 R - a +0 robe
   (You took it off a wight on level 6 of the Dungeon)
 S - a +0 robe
   (You took it off a wight on level 6 of the Dungeon)
 T - a +0 robe
   (You took it off a wight on level 6 of the Dungeon)
 W - +0 steam dragon scales
   (You found it on level 6 of the Dungeon)
Magical Staves
 r - a staff of air {!astaff}
   (You found it on level 3 of the Dungeon)
Jewellery
 a - a ring of ice
   (You found it on level 8 of the Dungeon)
 k - a +6 ring of dexterity (left hand)
   (You found it on level 2 of the Dungeon)
 G - the ring of Fefer (right hand) {Fire rCorr Slay+3}
   (You found it on level 5 of the Dungeon)

   [ring of fire]

   It enhances your fire magic.
   Slay:      It affects your accuracy & damage with ranged weapons and melee
   (+3).
   rF:        It protects you from fire.
   rC:        It makes you vulnerable to cold.
   rCorr:     It protects you from acid and corrosion.
Wands
 F - a wand of charming (6)
   (You found it on level 5 of the Dungeon)
 K - a wand of mindburst (33)
   (You found it on level 5 of the Dungeon)
 X - a wand of roots (4)
   (You found it on level 6 of the Dungeon)
Scrolls
 d - 2 scrolls of magic mapping {!r}
 i - 5 scrolls of noise {!r}
 p - 4 scrolls of fog
 u - a scroll of blinking {unknown}
 y - 3 scrolls of fear
 A - a scroll of poison {!r}
 I - 2 scrolls of enchant weapon {unknown}
 J - 3 scrolls of immolation {unknown}
 N - 2 scrolls of teleportation {@r4}
 Y - 2 scrolls of amnesia {unknown}
 Z - a scroll of vulnerability {unknown}
Potions
 b - 3 potions of magic
 j - 3 potions of degeneration {!q@e2}
 o - 2 potions of might
 t - 4 potions of curing {@q1}
 w - 2 potions of haste {unknown}
 z - 2 potions of lignification {unknown}
 B - 2 potions of ambrosia {unknown}
 C - 5 potions of berserk rage {unknown}
 P - 2 potions of heal wounds {unknown}
 U - 2 potions of brilliance {unknown}

Dungeon Overview and Level Annotations

Branches:
Dungeon (9/15) Zot: 26564  Temple (1/1) D:5 Zot: 5952 Ossuary (visited)
   Lair: D:8-11         Orc: D:9-12

Altars:
Ashenzari
Cheibriados
Dithmenos
Elyvilon
Fedhas
Gozag
Hepliaklqana
Kikubaaqudgha
Makhleb
Nemelex Xobeh
Okawaru
Qazlal
Ru
Sif Muna
Trog
Uskayaw
Vehumet
Wu Jian
Xom
Yredelemnul
Zin
The Shining One

Shops:
D:5 * D:6

[ #........##########....
####.......#>.$QSHKc#....
#..#.......#.$.$D$.u#....
#.....#..).#$.!!?!QH#....
#.#...#....#.$)[:$WJ#....
####....#....#$.!))[$.#....
#..#.........#.$!?[$SQ#....
###.........y..#$.$.Q.$.#..##
#...##......@>)#<$.lWH.>#....
###.#.......[.y##########...#
#...#....y.##..............#
#..........##...............
##.##...##.##..........##...
#.###...#.##.........#####.
### #......#.............#.
#####.....................
#..#......................


You could see 3 killer bees.


Message History

You closely miss the killer bee. The killer bee barely misses you.
A killer bee comes into view.
The killer bee stings you but does no damage.
You block the killer bee's attack. 😕 HP[+1]
You closely miss the killer bee. The killer bee barely misses you. x2
The killer bee closely misses you. The killer bee stings you! 😮 HP[-7]
You take 7 damage, and now have 70/96 hp.
The killer bee buzzes angrily.
The killer bee stings you. The killer bee closely misses you.
You block the killer bee's attack. The killer bee completely misses you.
You block the killer bee's attack. The killer bee closely misses you.
You climb upwards.
There is a stone staircase leading down, spattered with blood here. 😮 HP[-5]
You take 5 damage, and now have 65/96 hp.
You closely miss the killer bee.
The killer bee stings you but does no damage.
You block the killer bee's attack. The killer bee barely misses you.
The killer bee completely misses you.
The killer bee stings you but does no damage.
The killer bee stings you. 😮 HP[-1]
You take 1 damage, and now have 64/96 hp.
You puncture the killer bee! The killer bee misses you.
The killer bee stings you. The killer bee closely misses you.
The killer bee stings you. The killer bee barely misses you.
The killer bee stings you.
* * * LOW HITPOINT WARNING * * *
You are poisoned.
The killer bee poisons you! You block the killer bee's attack.
The killer bee closely misses you. The killer bee stings you.
* * * LOW HITPOINT WARNING * * *
You are more poisoned.
The killer bee poisons you! 😨 HP[-17]
You take 17 damage, and now have 47/96 hp.
You hit the killer bee.
You feel very sick. You block the killer bee's attack.
The killer bee stings you.
* * * LOW HITPOINT WARNING * * *
You are more poisoned.
The killer bee poisons you!
The killer bee stings you but does no damage.
The killer bee stings you.
* * * LOW HITPOINT WARNING * * *
You block the killer bee's attack. The killer bee barely misses you.
The killer bee stings you.
* * * LOW HITPOINT WARNING * * *
You are more poisoned.
The killer bee poisons you! The killer bee stings you!
* * * LOW HITPOINT WARNING * * *
You block the killer bee's attack. 😱 HP[-26]
You take 26 damage, and now have 21/96 hp.
MASSIVE DAMAGE!! (PAUSE)
You feel better. You block the killer bee's attack.
The killer bee stings you but does no damage.
The killer bee stings you.
* * * LOW HITPOINT WARNING * * *
The killer bee barely misses you. The killer bee stings you!
* * * LOW HITPOINT WARNING * * *
You are poisoned.
The killer bee poisons you! The killer bee stings you.
* * * LOW HITPOINT WARNING * * *
😱 HP[-1]
You take 1 damage, and now have 20/96 hp.
You miss the killer bee.
You feel very sick. You block the killer bee's attack.
The killer bee misses you. The killer bee stings you!
* * * LOW HITPOINT WARNING * * *
You block the killer bee's attack. The killer bee closely misses you.
The killer bee stings you.
* * * LOW HITPOINT WARNING * * *
The killer bee barely misses you. The killer bee stings you.
* * * LOW HITPOINT WARNING * * *
You are more poisoned.
The killer bee poisons you!
You block the killer bee's attack. 😱 HP[-17]
You take 17 damage, and now have 3/96 hp.
You feel better. You block the killer bee's attack. x2
The killer bee stings you.
* * * LOW HITPOINT WARNING * * *
The killer bee misses you. The killer bee closely misses you.
The killer bee stings you.
* * * LOW HITPOINT WARNING * * *
😱 HP[-2]
You take 2 damage, and now have 1/96 hp.
Read: 4 scrolls of fear
Press: ? - help, Q - select action, (/) - cycle Dir - look around, f - activate Look: a killer bee (haloed, chance to affect: 98%)
As you read the scroll of fear, it crumbles to dust.
You assume a fearsome visage.
The killer bee resists with some effort.
The killer bee looks frightened!
The killer bee looks frightened!
The killer bee closely misses you. The killer bee stings you.
You die...

Skill      XL: |  1  2  3  4  5  6  7  8  9 10 |
---------------+-------------------------------+-----
Conjurations   | 1 2 3 4 5 6 |  6.2
Dodging        | 2 3 4 5 6 |  6.4
Fighting       | 1 2 3 4 5 |  5.0
Air Magic      | 3 4 5 6 |  6.8
Spellcasting   | 3 4 5 |  5.0
Maces & Flails | 1 3 4 5 |  5.4
Shields        | 2 4 5 |  5.4
Stealth        | |  1.4

Action                   |  1- 3 |  4- 6 |  7- 9 | 10-12 || total
-------------------------+-------+-------+-------+-------++-------
Melee: Unarmed           |    13 |       |       |       ||    13
       Whip              |    25 |    14 |       |       ||    39
       Short sword       |     9 |       |       |       ||     9
       Staff             |       |    12 |       |       ||    12
       Morningstar       |       |     6 |   175 |    73 ||   254
 Cast: Shock             |    53 |    93 |    29 |     7 ||   182
       Searing Ray       |       |     4 |     3 |       ||     7
       Airstrike         |       |       |       |     4 ||     4
  Use: Potion            |       |     1 |     2 |     2 ||     5
       Scroll            |       |       |     7 |     2 ||     9
 Stab: Sleeping          |       |       |       |     1 ||     1
Armor: Robe              |    27 |     7 |    30 |    16 ||    80
Dodge: Dodged            |    29 |    23 |   133 |    70 ||   255
Block: Kite shield       |       |       |     9 |    66 ||    75

Levels and vault maps discovered:
D:1:      lightli_arrival_isolated_outpost, layout_basic,
          ebering_dispersal_statue_hall
D:2:      layout_rooms, basic_altar, hex_medium
D:3:      layout_basic, ebering_ecumenical_altar_webs
D:4:      layout_gridville
D:5:      layout_loops_ring, nicolae_overflow_hallway_of_the_gods,
          mainiacjoe_overflow_brackets, minmay_temple_entry_tees,
          nicolae_ossuary_entry_monument, serial_shops, shop,
          grunt_ministairs_4, solitary_fountain, skrybe_limestone_x,
          uniq_duvessa
D:6:      layout_basic, serial_shops, shop_fountains, chequers_avenue
D:7:      layout_basic, grunt_temple_overflow_order_and_chaos_1, uniq_maggie
D:8:      layout_cave_pools, nicolae_uskayaw_dance_hall, minivault_12
D:9:      layout_rooms, david_orc_3, hangedman_abyss_or_decor_stagger
Temple:   hellmonk_temple_of_storms

Notes
Turn   | Place    | Note
-------+----------+-------------------------------------------
     0 | D:1      | mcwallace the Ogre Air Elementalist began the quest for the
                  | Orb.
     0 | D:1      | Reached XP level 1. HP: 16/16 MP: 3/3
     0 | D:1      | magus.rc [v1.9.6]
   246 | D:1      | Reached skill level 1 in Conjurations
   300 | D:1      | Reached XP level 2. HP: 19/26 MP: 1/5
   367 | D:1      | Reached skill level 2 in Dodging
   552 | D:1      | Reached skill level 1 in Fighting
  1388 | D:2      | Reached XP level 3. HP: 30/33 MP: 7/7
  1575 | D:2      | Reached skill level 3 in Air Magic
  1578 | D:2      | Reached skill level 3 in Spellcasting
  1663 | D:2      | Reached XP level 4. HP: 42/42 MP: 2/8
  1666 | D:2      | Learned a level 2 spell: Static Discharge
  1670 | D:2      | Learned a level 3 spell: Swiftness
  1921 | D:2      | Reached skill level 2 in Fighting
  2045 | D:2      | Found a shimmering altar of Xom.
  2048 | D:2      | You pick up a book of Conjurations {@e2} and begin
                  | reading...
  2048 | D:2      | You add the spells Magic Dart, Searing Ray and Fulminant
                  | Prism to your library.
  2340 | D:3      | Reached XP level 5. HP: 50/50 MP: 0/9
  2408 | D:3      | Reached skill level 2 in Conjurations
  2418 | D:3      | HP: 9/50 [orc priest/divine providence (16)]
  2565 | D:3      | Found a faded altar of an unknown god.
  2599 | D:3      | HP: 9/50 [orc/+0 war axe (4)]
  2832 | D:3      | Learned a level 2 spell: Searing Ray
  3457 | D:4      | Reached skill level 3 in Fighting
  3643 | D:4      | Noticed an ice beast
  3645 | D:4      | Reached XP level 6. HP: 61/61 MP: 7/11
  3671 | D:4      | HP: 7/61 [iguana (9)]
  3673 | D:4      | Reached skill level 3 in Dodging
  3673 | D:4      | Killed an ice beast
  4063 | D:4      | Found the +10 morningstar "Eos" {elec, Halo rElec}
  4307 | D:5      | Entered Level 5 of the Dungeon
  4310 | D:5      | Reached skill level 4 in Spellcasting
  4330 | D:5      | Reached XP level 7. HP: 59/68 MP: 13/13
  4351 | D:5      | Noticed Duvessa
  4352 | D:5      | Noticed Dowan
  4364 | D:5      | Killed Duvessa
  4365 | D:5      | Reached skill level 4 in Fighting
  4365 | D:5      | Reached skill level 1 in Maces & Flails
  4365 | D:5      | Reached skill level 3 in Conjurations
  4365 | D:5      | Reached skill level 4 in Air Magic
  4370 | D:5      | Killed Dowan
  4458 | D:5      | Found a staircase to the Ecumenical Temple.
  4465 | Temple   | Entered the Ecumenical Temple
  4530 | D:5      | Found a sand-covered staircase.
  4532 | D:5      | Found Boral's Assorted Antiques.
  4548 | Ossuary  | Entered an ossuary
  5205 | D:5      | Identified the ring of Fefer {Fire rCorr Slay+3}
  5224 | D:5      | Found a snail-covered altar of Cheibriados.
  5228 | D:5      | Found a sparkling altar of Nemelex Xobeh.
  5548 | D:5      | Reached XP level 8. HP: 79/79 MP: 14/14
  5703 | D:5      | Found an ancient bone altar of Kikubaaqudgha.
  5705 | D:5      | Found a broken altar of Ashenzari.
  5706 | D:5      | Found a white marble altar of Elyvilon.
  5711 | D:5      | Found a blossoming altar of Fedhas.
  5712 | D:5      | Found a basalt altar of Yredelemnul.
  5714 | D:5      | Found a hazy altar of Hepliaklqana.
  5714 | D:5      | Found a radiant altar of Vehumet.
  5721 | D:5      | Found a bloodstained altar of Trog.
  5724 | D:5      | Found a glowing golden altar of the Shining One.
  5736 | D:5      | Became a worshipper of Vehumet
  5958 | D:6      | You add the spells Ozocubu's Armour and Ozocubu's
                  | Refrigeration to your library.
  5995 | D:6      | Reached skill level 2 in Maces & Flails
  6141 | D:6      | Found Louph's Antique Armour Boutique.
  6174 | D:6      | Reached skill level 5 in Fighting
  6179 | D:6      | Reached skill level 4 in Dodging
  6179 | D:6      | Reached skill level 1 in Shields
  6179 | D:6      | Reached skill level 5 in Spellcasting
  6414 | D:6      | Reached skill level 2 in Shields
  6427 | D:6      | HP: 17/80 [orc/+0 flail (8)]
  6427 | D:6      | HP: 8/80 [orc priest/divine providence (9)]
  6428 | D:6      | Reached skill level 4 in Conjurations
  6668 | D:6      | Reached skill level 5 in Air Magic
  6677 | D:6      | Reached skill level 3 in Maces & Flails
  6833 | D:6      | Reached XP level 9. HP: 82/88 MP: 16/16
  6864 | D:6      | HP: 19/88 [water moccasin (4)]
  6866 | D:6      | HP: 5/88 [poisoned by a water moccasin]
  6869 | D:6      | Reached skill level 3 in Shields
  7105 | D:6      | You pick up a book of Callings and begin reading...
  7105 | D:6      | You add the spells Summon Small Mammal, Call Canine
                  | Familiar and Summon Guardian Golem to your library.
  7111 | D:6      | Learned a level 4 spell: Airstrike
  7471 | D:7      | Noticed an angel
  7473 | D:7      | Found a glowing silver altar of Zin.
  7492 | D:7      | Reached skill level 5 in Dodging
  7495 | D:7      | Reached * piety under Vehumet
  7495 | D:7      | Offered knowledge of Foxfire by Vehumet.
  7508 | D:7      | HP: 15/88 [killer bee (8)]
  7511 | D:7      | HP: 7/88 [poisoned by a killer bee]
  7766 | D:7      | Reached skill level 4 in Maces & Flails
  7766 | D:7      | Reached skill level 5 in Conjurations
  8015 | D:7      | Reached skill level 4 in Shields
  8125 | D:7      | Killed an angel
  8385 | D:7      | Reached skill level 6 in Air Magic
  8676 | D:7      | Found a shimmering altar of Xom.
  8945 | D:7      | Reached XP level 10. HP: 96/96 MP: 14/17
  9012 | D:7      | Noticed Maggie
  9018 | D:7      | Killed Maggie
  9325 | D:8      | Reached skill level 6 in Dodging
  9629 | D:8      | Reached skill level 5 in Shields
  9635 | D:8      | Reached skill level 5 in Maces & Flails
  9760 | D:8      | Found a hide-covered altar of Uskayaw.
  9801 | D:8      | Noticed a kobold demonologist
  9801 | D:8      | Noticed a tengu warrior
  9801 | D:8      | Noticed a tengu warrior
  9802 | D:8      | Noticed a six-headed hydra
  9802 | D:8      | Noticed a centaur warrior
  9802 | D:8      | Noticed a manticore
  9854 | D:8      | Noticed a purple ugly thing
  9854 | D:8      | Noticed a harpy
  9994 | D:8      | Noticed a guardian serpent
 10188 | D:8      | Reached skill level 6 in Conjurations
 10350 | D:9      | Reached ** piety under Vehumet
 10350 | D:9      | Offered knowledge of Momentum Strike by Vehumet.
 10403 | D:8      | HP: 21/96 [killer bee (8)]
 10405 | D:8      | HP: 10/96 [killer bee (7)]
 10405 | D:8      | HP: 3/96 [killer bee (2)]
 10406 | D:8      | HP: 1/96 [killer bee (6)]
 10407 | D:8      | Slain by a killer bee

Vanquished Creatures
  Maggie (D:7)
  4 yaks
  A wraith (D:8)
  2 wyverns
  Duvessa (D:5)
  2 water moccasins
  4 ice beasts
  3 orc warriors
  2 black bears (D:7)
  An ogre (D:7)
  2 centaurs
  6 bullfrogs
  2 gnoll sergeants
  2 necrophages
  2 scorpions
  7 wights
  Dowan (D:5)
  7 killer bees
  2 howler monkeys
  7 orc priests
  A jelly (D:5)
  A hound (D:5)
  An iguana (D:4)
  7 orc wizards
  8 mummies (Ossuary)
  8 adders
  14 gnolls
  4 white imps
  An ufetubus (D:5)
  4 worms
  2 dart slugs (D:1)
  33 orcs
  5 ball pythons
  3 bats
  4 endoplasms
  3 giant cockroaches
  4 hobgoblins
  2 jackals (D:2)
  7 kobolds
  5 quokkas
  4 frilled lizards
  3 gnoll zombies (Ossuary)
  5 goblins
  3 hobgoblin zombies (Ossuary)
  2 orc zombies (Ossuary)
  5 rats
198 creatures vanquished.

Vanquished Creatures (others)
  An angel (D:7)
  A steam dragon (D:6)
2 creatures vanquished.

Grand Total: 200 creatures vanquished

Table legend:
 A = Non-vault XP
 B = Vault XP
 C = Vault XP percentage of total XP
 D = Non-vault monster count
 E = Vault monster count
 F = Vault count percentage of total count
                 A         B        C        D         E       F
            +---------+---------+-------+---------+---------+-------
      Total |    6604 |     914 |  12.2 |     176 |      23 |  11.6
            +---------+---------+-------+---------+---------+-------
        D:1 |      29 |       0 |   0.0 |      15 |       0 |   0.0
        D:2 |      88 |       0 |   0.0 |      27 |       0 |   0.0
        D:3 |     177 |       0 |   0.0 |      19 |       0 |   0.0
        D:4 |     209 |       0 |   0.0 |      12 |       0 |   0.0
        D:5 |     261 |     345 |  56.9 |      18 |       6 |  25.0
        D:6 |    1645 |       0 |   0.0 |      27 |       0 |   0.0
        D:7 |    2042 |     415 |  16.9 |      34 |       1 |   2.9
        D:8 |    1693 |       0 |   0.0 |      20 |       0 |   0.0
        D:9 |     460 |       0 |   0.0 |       4 |       0 |   0.0
    Ossuary |       0 |     154 | 100.0 |       0 |      16 | 100.0
            +---------+---------+-------+---------+---------+-------

Illustrated notes

Table legend:
 A = Kills in this place as a percentage of kills in entire the game.
 B = Kills by you in this place as a percentage of kills by you in the entire game.
 C = Kills by friends in this place as a percentage of kills by friends in the entire game.
 D = Other kills in this place as a percentage of other kills in the entire game.
 E = Experience gained in this place as a percentage of experience gained in the entire game.
 F = Experience gained in this place divided by the number of levels of this place that you have seen.
                   A       B       C       D       E      F
               +-------+-------+-------+-------+-------+----------------------
         Total | 100.0 | 100.0 |   N/A | 100.0 | 100.0 | 683.5
       Dungeon |  92.0 |  91.9 |   N/A | 100.0 |  98.0 | 818.2
       Ossuary |   8.0 |   8.1 |   N/A |   0.0 |   2.0 | 154.0
               +-------+-------+-------+-------+-------+----------------------

Table legend: (Time is in decaauts)
 A = Elapsed time spent in this place.
 B = Non-inter-level travel time spent in this place.
 C = Inter-level travel time spent in this place.
 D = Time resting spent in this place.
 E = Time spent auto-exploring this place.
 F = Levels seen in this place.
 G = Mean time per level.
                   A        B        C        D        E       F      G
               +--------+--------+--------+--------+--------+-----+--------+
         Total |  10544 |  10298 |    246 |   1540 |   7207 |  11 |  958.5 |
       Dungeon |  10054 |   9808 |    246 |   1307 |   7116 |   9 | 1117.1 |
        Temple |     47 |     47 |      0 |      0 |      0 |   1 |   47.0 |
       Ossuary |    441 |    441 |      0 |    233 |     91 |   1 |  441.0 |
               +--------+--------+--------+--------+--------+-----+--------+

Top non-repeatable levels by time:
     D:7: 1789 daAuts
     D:6: 1764 daAuts
     D:1: 1369 daAuts
     D:3: 1167 daAuts
     D:5: 1132 daAuts
     D:8: 1002 daAuts
     D:2: 924 daAuts
     D:4: 854 daAuts
 Ossuary: 441 daAuts
     D:9: 51 daAuts
  Temple: 47 daAuts
